 Dungeon Crawl Stone Soup version 0.31-a0-175-g9f7f995f2b (webtiles) character file.

Game seed: 8949017435518499795

217 qw the Shooter (level 5, -1/45 HPs)
             Began as a Naga Hunter on June 16, 2023.
             Slain by Robin
             ... wielding a +1 trident of flaming
              (5 damage)
             ... on level 3 of the Dungeon.
             The game lasted 00:00:41 (1865 turns).

qw the Shooter (Naga Hunter)                        Turns: 1865, Time: 00:00:41

Health: -1/45      AC:  3    Str: 12 (14) XL:     5   Next: 94%
Magic:  0/5        EV:  9    Int:  9      God:
Gold:   91         SH:  0    Dex: 14      Spells: 4/4 levels left

rFire   . . .        Y - +0 shortbow
rCold   . . .        (shield currently unavailable)
rNeg    . . .        c - +0 leather armour
rPois   +            (no helmet)
rElec   .            (no cloak)
rCorr   .            (no gloves)
SInv    +            (no barding)
Will    .....        g - amulet of guardian spirit
Stlth   ++           (no ring)
HPRegen 0.27/turn    (no ring)
MPRegen 0.09/turn

%: guardian spirit
@: short of breath, very slow
A: AC +1, large, see invisible, deformed body, poison resistance, slowness 2,
spit poison 1, naga tail 1, claws 1, clumsy 1
a: Spit Poison


You were on level 3 of the Dungeon.
You visited 1 branch of the dungeon, and saw 3 of its levels.

You collected 91 gold pieces.


Innate Abilities, Weirdness & Mutations

Your serpentine skin is tough. (AC +1)
You have supernaturally acute eyesight. (SInv)
Armour fits poorly on your strangely shaped body.
Your system is resistant to poisons. (rPois)
You cover ground very slowly.
You can spit poison.
You have a snake-like lower body.
You have sharp fingernails.
You are clumsy. (Dex -2)


   Skills:
 + Level 2.3 Fighting
 - Level 6.2 Ranged Weapons
 - Level 1.5 Dodging
 - Level 1.5 Stealth


You had 4 spell levels left.
You didn't know any spells.
Your spell library was empty.

Inventory:

Hand Weapons
 Y - a +0 shortbow (weapon)
Armour
 c - a +0 leather armour (worn)
Jewellery
 g - an amulet of guardian spirit (around neck)
Scrolls
 a - 2 scrolls of blinking {unknown}
 f - 5 scrolls of identify
Potions
 b - a potion of brilliance {unknown}
 d - 2 potions of mutation

Dungeon Overview and Level Annotations

Branches:
Dungeon (3/15)

Altars:
Uskayaw

Annotations:
D:3 2 transporters, Robin


Message History

The goblin goes into a battle-frenzy!
The goblin closely misses you.
You shoot an arrow. The arrow hits the goblin!
You kill the goblin!
The goblin hits you with a +0 dagger.
Robin hits you from afar with a +1 trident of flaming.
Robin burns you. The goblin hits you with a +0 club.
You shoot an arrow. The arrow hits the goblin.
The goblin is moderately wounded.
The goblin completely misses you.
Robin hits you from afar with a +1 trident of flaming!
Robin burns you. The goblin hits you with a +0 club.
1861 ||| DRINKING potion of heal wounds.
You feel much better.
You have got your breath back.
Robin hits you from afar with a +1 trident of flaming.
Robin burns you. The goblin hits you but does no damage.
The goblin barely misses you.
1862 ||| INVOKING Spit Poison.
Aiming: Spit Poison (1% risk of failure)
Press: ? - help, Shift-Dir - straight line, f/p - goblin The splash of poison hits the goblin!
The goblin is poisoned.
You kill the goblin!
The goblin hits you with a +0 dagger.
Robin hits you from afar with a +1 trident of flaming!
Robin burns you.
You shoot an arrow. The arrow barely misses the goblin.
The goblin hits you but does no damage.
Robin hits you from afar with a +1 trident of flaming.
Robin burns you.
You shoot an arrow. The arrow hits the goblin.
You kill the goblin!
Robin hits you from afar with a +1 trident of flaming!
Robin burns you.
You shoot an arrow. The arrow hits Robin!
Robin is heavily wounded.
Robin completely misses you.
Robin says, "A pitiful Naga like you will never find the ORB!"
Robin hits you from afar with a +1 trident of flaming.
You die...

#.##...... #..).....
#########......#
#...........#
#.#####.#..####
#.#####.#...#.##
#.##.>.........#$##
#.##.##.#..))))...#
#.##.##.###.@#...).#
###...........)).)...).
#.......####...#g#..#.g
#.###...# #!#.......# .
###.###.....)##.....$..g
..........###
#.##.##.### ###.##.##.#
.. .# .# #.##.# .# #. ..
# #.(.. .#


You could see Robin (strong).

Vanquished Creatures
  Sigmund (D:3)
  A dart slug (D:1)
  3 ball pythons
  4 endoplasms
  A giant cockroach (D:3)
  9 hobgoblins
  4 jackals (D:1)
  A quokka (D:1)
  3 bats (D:2)
  7 frilled lizards
  12 goblins
  3 kobolds
  4 rats
53 creatures vanquished.

Notes
Turn   | Place    | Note
-------+----------+-------------------------------------------
     0 | D:1      | qw the Naga Hunter began the quest for the Orb.
     0 | D:1      | Reached XP level 1. HP: 19/19 MP: 1/1
     0 | D:1      | 0 ||| qw: Version: 0.2-a-29-g511e9b1
     0 | D:1      | 0 ||| qw: Game counter: 5795
     0 | D:1      | 0 ||| qw: Always use a shield: true
     0 | D:1      | 0 ||| qw: God list: Okawaru
     0 | D:1      | 0 ||| qw: Allow faded altars: false
     0 | D:1      | 0 ||| qw: Do Orc after D:15 true
     0 | D:1      | 0 ||| qw: Do second Lair branch before Depths: true
     0 | D:1      | 0 ||| qw: Lair rune preference: random
     0 | D:1      | 0 ||| qw: Plans: Normal
     0 | D:1      | 0 ||| PLANNING D:1-11
    35 | D:1      | 35 ||| INVOKING Spit Poison.
   111 | D:1      | 111 ||| INVOKING Spit Poison.
   116 | D:1      | 116 ||| INVOKING Spit Poison.
   138 | D:1      | 138 ||| INVOKING Spit Poison.
   224 | D:1      | 224 ||| INVOKING Spit Poison.
   226 | D:1      | Reached skill level 4 in Ranged Weapons
   226 | D:1      | Reached XP level 2. HP: 26/26 MP: 2/2
   230 | D:1      | 230 ||| INVOKING Spit Poison.
   233 | D:1      | 233 ||| INVOKING Spit Poison.
   308 | D:1      | 308 ||| INVOKING Spit Poison.
   437 | D:1      | Found a faded altar of an unknown god.
   752 | D:1      | 752 ||| READING scroll labelled EROUB WEVOPLOA.
   753 | D:1      | 753 ||| READING 2 scrolls labelled EXKUVYNEBA.
   754 | D:1      | 754 ||| READING scroll labelled COXKUX GANEUC.
   755 | D:1      | 755 ||| READING scroll labelled GOITZI GEWIUKA YTO.
   756 | D:1      | 756 ||| DRINKING 2 yellow potions.
   756 | D:1      | Gained mutation: You have sharp fingernails. [potion of
                  | mutation]
   756 | D:1      | Gained mutation: You are clumsy. (Dex -2) [potion of
                  | mutation]
   757 | D:1      | 757 ||| DROPPING scroll of butterflies.
   799 | D:2      | 799 ||| INVOKING Spit Poison.
   831 | D:2      | 831 ||| INVOKING Spit Poison.
   838 | D:2      | 838 ||| INVOKING Spit Poison.
   844 | D:2      | 844 ||| INVOKING Spit Poison.
   845 | D:2      | 845 ||| INVOKING Spit Poison.
   862 | D:2      | 862 ||| INVOKING Spit Poison.
   863 | D:2      | Reached XP level 3. HP: 32/32 MP: 3/3
   890 | D:2      | 890 ||| INVOKING Spit Poison.
   943 | D:2      | Found a hide-covered altar of Uskayaw.
  1065 | D:2      | 1065 ||| INVOKING Spit Poison.
  1168 | D:2      | 1168 ||| INVOKING Spit Poison.
  1178 | D:2      | 1178 ||| INVOKING Spit Poison.
  1225 | D:2      | 1225 ||| INVOKING Spit Poison.
  1231 | D:2      | 1231 ||| INVOKING Spit Poison.
  1259 | D:2      | 1259 ||| INVOKING Spit Poison.
  1457 | D:2      | 1457 ||| UPGRADING to amulet of guardian spirit.
  1462 | D:2      | 1462 ||| READING scroll labelled TUACWE RUGYI.
  1463 | D:2      | 1463 ||| DRINKING 2 pink potions.
  1464 | D:2      | 1464 ||| DRINKING 2 fuming clear potions.
  1465 | D:2      | 1465 ||| READING 6 scrolls of identify.
  1465 | D:2      | 1465 ||| IDENTIFYING fuming cyan potion
  1466 | D:2      | 1466 ||| DROPPING potion of lignification.
  1467 | D:2      | 1467 ||| DROPPING potion of degeneration.
  1488 | D:3      | Found a transporter.
  1506 | D:3      | 1506 ||| INVOKING Spit Poison.
  1512 | D:3      | 1512 ||| INVOKING Spit Poison.
  1523 | D:3      | 1523 ||| INVOKING Spit Poison.
  1563 | D:3      | 1563 ||| INVOKING Spit Poison.
  1625 | D:3      | 1625 ||| INVOKING Spit Poison.
  1629 | D:3      | Found a transporter.
  1652 | D:3      | Noticed Sigmund
  1659 | D:3      | 1659 ||| INVOKING Spit Poison.
  1676 | D:3      | 1676 ||| INVOKING Spit Poison.
  1678 | D:3      | HP: 6/32 [Sigmund/+0 scythe (6)]
  1679 | D:3      | 1679 ||| DRINKING 2 potions of heal wounds.
  1680 | D:3      | 1680 ||| INVOKING Spit Poison.
  1684 | D:3      | Killed Sigmund
  1685 | D:3      | Reached skill level 6 in Ranged Weapons
  1685 | D:3      | Reached XP level 4. HP: 14/39 MP: 0/4
  1685 | D:3      | Reached XP level 5. HP: 17/45 MP: 0/5
  1845 | D:3      | 1845 ||| INVOKING Spit Poison.
  1847 | D:3      | Noticed Robin
  1848 | D:3      | 1848 ||| INVOKING Spit Poison.
  1849 | D:3      | 1849 ||| Stepping ~*~*~tactically~*~*~ (outnumbered).
  1855 | D:3      | 1855 ||| INVOKING Spit Poison.
  1860 | D:3      | HP: 10/45 [Robin/+1 trident of flaming (2)]
  1861 | D:3      | 1861 ||| DRINKING potion of heal wounds.
  1862 | D:3      | 1862 ||| INVOKING Spit Poison.
  1864 | D:3      | HP: 3/45 [Robin/+1 trident of flaming (3)]
  1865 | D:3      | Slain by Robin

Levels and vault maps discovered:
D:1:      tekkud_arrival_beachfront_property, layout_loops_cross,
          dreamdust_ecumenical_altar_hidden_monk_grotto,
          amcnicky_mini_rare_corridor_liquid
D:2:      layout_loops_ring, serial_forest, infiniplex_forest_clump_medium,
          infiniplex_forest_clump_double, infiniplex_forest_lined_room_,
          infiniplex_forest_clump_medium, infiniplex_forest_straight_3,
          infiniplex_forest_straight_3, infiniplex_forest_end_2, basic_altar
D:3:      layout_loops_cross, gammafunk_ghost_mausoleum,
          nicolae_figureground_pulse, uniq_sigmund, uniq_robin

Skill      XL: |  1  2  3 |
---------------+----------+-----
Ranged Weapons | 4 6 |  6.2
Fighting       | |  2.3
Dodging        | |  1.5
Stealth        | |  1.5

Action                     |  1- 3 |  4- 6 || total
---------------------------+-------+-------++-------
   Fire: Shortbow          |    67 |    16 ||    83
Ability: Spit Poison       |    28 |     4 ||    32
    Use: Scroll            |     6 |       ||     6
         Potion            |     4 |     1 ||     5
 Armour: Leather armour    |     7 |     6 ||    13
  Dodge: Dodged            |    17 |     8 ||    25

Table legend:
 A = Non-vault XP
 B = Vault XP
 C = Vault XP percentage of total XP
 D = Non-vault monster count
 E = Vault monster count
 F = Vault count percentage of total count
                 A         B        C        D         E       F
            +---------+---------+-------+---------+---------+-------
      Total |      62 |     249 |  80.1 |      40 |      13 |  24.5
            +---------+---------+-------+---------+---------+-------
        D:1 |      25 |       0 |   0.0 |      14 |       0 |   0.0
        D:2 |      26 |       0 |   0.0 |      19 |       0 |   0.0
        D:3 |      11 |     249 |  95.8 |       7 |      13 |  65.0
            +---------+---------+-------+---------+---------+-------
